 Dungeon Crawl Stone Soup version 0.29.1-1-gd02db6906a (webtiles) character file.

Game seed: 2004273614054658578

641 Ashen the Chiller (level 7, -1/52 HPs)
             Began as a Demonspawn Ice Elementalist on Sept 17, 2022.
             Shot with an arrow by a centaur (4 damage)
             ... on level 5 of the Dungeon.
             The game lasted 00:10:30 (5943 turns).

Ashen the Chiller (Demonspawn Ice Elementalist)     Turns: 5943, Time: 00:10:30

Health: -1/52      AC:  4    Str:  8    XL:     7   Next: 26%
Magic:  17/21      EV: 28    Int: 19    God:
Gold:   205        SH:  0    Dex: 13    Spells: 2/13 levels left

rFire   . . .      SeeInvis .   b - +1 mace (drain)
rCold   . . .      Faith    .   (no shield)
rNeg    . . .      Spirit   .   a - +0 robe
rPois   .          Reflect  .   (no helmet)
rElec   .          Harm     .   (no cloak)
rCorr   .          Rampage  .   (no gloves)
Will    .....                   (no boots)
Stlth   ++........              s - amulet of the acrobat
HPRegen 0.17/turn               u - ring of magical power
MPRegen 0.17/turn               (no ring)

@: acrobatic
A: claws 1, yellow scales 1, foul stench 1, powered by pain 1
a: no special abilities


You were on level 5 of the Dungeon.
You visited 1 branch of the dungeon, and saw 5 of its levels.

You collected 205 gold pieces.

Inventory:

Hand Weapons
 b - a +1 mace of draining (weapon)
 i - a +6 dagger
 r - the +10 sling of the Valley {venom, rPois rC+}
   (You found it on level 4 of the Dungeon)

   Any ammunition fired from it poisons the flesh of those it strikes.
   rC:        It protects you from cold.
   rPois:     It protects you from poison.
Armour
 a - a +0 robe (worn)
Jewellery
 s - an amulet of the acrobat (around neck)
 u - a ring of magical power (left claw)
Scrolls
 c - a scroll of acquirement {unknown}
 f - 2 scrolls of magic mapping
 h - a scroll of fear {unknown}
 j - a scroll of silence {unknown}
 k - a scroll of teleportation
 l - a scroll of noise {unknown}
 q - 2 scrolls of identify
 t - a scroll of amnesia {unknown}
Potions
 d - 2 potions of cancellation {unknown}
 e - a potion of berserk rage
 g - 5 potions of curing {unknown}
 m - 2 potions of attraction
 n - a potion of haste {unknown}
 o - a potion of mutation {unknown}
 p - a potion of invisibility {unknown}


   Skills:
 + Level 3.2 Fighting
 + Level 3.5 Dodging
 + Level 3.9 Stealth
 + Level 3.7 Spellcasting
 + Level 4.8 Ice Magic


You had 2 spell levels left.
You knew the following spells:

 Your Spells              Type           Power      Damage    Failure   Level
a - Freeze                Ice            88%        1d10      1%          1
b - Frozen Ramparts       Ice            44%        1d7       6%          3
c - Ozocubu's Armour      Ice            22%        N/A       6%          3
d - Hailstorm             Conj/Ice       12%        3d5       45%         4

Your spell library contained the following spells:

 Spells                   Type           Power      Damage    Failure   Level
 Gell's Gravitas          Tloc           3%         N/A       38%         3
 Lesser Beckoning         Tloc           3%         N/A       38%         3
 Stone Arrow              Conj/Erth      6%         3d7       38%         3
 Teleport Other           Tloc           3%         N/A       38%         3
 Animate Armour           Summ/Erth      6%         N/A       80%         4
 Lehudib's Crystal Spear  Conj/Erth      1%         10d2      100%        8


Dungeon Overview and Level Annotations

Branches:
Dungeon (5/15)
 Temple: D:4-7

Altars:

Annotations:
D:5 Dowan, Duvessa, Sigmund


Innate Abilities, Weirdness & Mutations

You have sharp fingernails.
You are partially covered in yellow scales. (AC +2)
You may rarely emit foul miasma when damaged in melee.
You sometimes gain a little power by taking damage.


Message History

Casting: Freeze (safe; 1% risk of failure)
Confirm with . or Enter, or press ? or * to list all spells.
Aiming: Freeze (safe; 1% risk of failure)
Press: ? - help, Shift-Dir - straight line, f - ufetubus
Aim: an ufetubus You freeze the ufetubus.
The ufetubus resists.
The ufetubus is heavily wounded.
The ufetubus hits you. The ufetubus closely misses you.
The ufetubus hits you but does no damage. x2
Casting: Freeze (safe; 1% risk of failure)
Confirm with . or Enter, or press ? or * to list all spells.
Aiming: Freeze (safe; 1% risk of failure)
Press: ? - help, Shift-Dir - straight line, f/p - ufetubus
Aim: an ufetubus (heavily wounded)
You freeze the ufetubus.
The ufetubus resists.
You kill the ufetubus!
Casting: Freeze (safe; 1% risk of failure)
Confirm with . or Enter, or press ? or * to list all spells.
You can't see any susceptible monsters within range! (Use Z to cast anyway.)
A centaur comes into view.
The centaur shouts!
The centaur wields a +0 shortbow.
The centaur shoots an arrow.
The arrow completely misses you.
The centaur shoots an arrow.
The arrow completely misses you.
You see here a fuming silvery potion.
d - 2 fuming silvery potions (gained 1)
The centaur shoots an arrow.
The arrow hits you!
The centaur shoots an arrow.
The arrow misses you.
Found a scroll of identify.
Found a stone staircase leading up.
The centaur shoots an arrow.
The arrow hits you!
The centaur shoots an arrow.
The arrow closely misses you.
The centaur shoots an arrow.
The arrow barely misses you.
The centaur shoots an arrow.
The arrow hits you!
* * * LOW HITPOINT WARNING * * *
The centaur shoots an arrow.
The arrow completely misses you.
The centaur shoots an arrow.
The arrow hits you!
* * * LOW HITPOINT WARNING * * *
The centaur shoots an arrow.
The arrow completely misses you.
The centaur shoots an arrow.
The arrow hits you.
You die...

.......#...........
.......#...#.##.....
..........## #......
#
....#.#...####.....
# #...#..#.##.#.....
###
#.....#........##.
...
..##...##.........
...
.........#....#...
... ............@.#
...
....................
...
.##...........c...##
...
##.....?........#
... .........^....##
..# ..........#.<..#
... .#.###.####...
... .. ## .... ...


You could see a centaur.

Vanquished Creatures
  A scorpion (D:5)
  2 hounds
  A jelly (D:5)
  3 orc priests (D:4)
  Jessica (D:3)
  An orc wizard (D:3)
  4 iguanas
  Natasha (thrice) (D:4)
  3 gnolls (D:2)
  6 adders
  2 ufetubi
  3 dart slugs
  7 orcs
  7 endoplasms
  6 giant cockroaches
  4 goblins
  6 hobgoblins
  9 jackals
  A quokka (D:3)
  6 ball pythons
  4 bats
  6 kobolds
  6 rats
92 creatures vanquished.

Vanquished Creatures (others)
  26 fungi (D:3)
26 creatures vanquished.

Grand Total: 118 creatures vanquished

Notes
Turn   | Place    | Note
-------+----------+-------------------------------------------
     0 | D:1      | Ashen the Demonspawn Ice Elementalist began the quest for
                  | the Orb.
     0 | D:1      | Reached XP level 1. HP: 13/13 MP: 3/3
   343 | D:1      | Gained mutation: You sometimes gain a little power by
                  | taking damage. [demonic ancestry]
   343 | D:1      | Reached XP level 2. HP: 7/20 MP: 0/5
  1444 | D:2      | Reached skill level 1 in Fighting
  1515 | D:2      | Gained mutation: You are partially covered in yellow
                  | scales. (AC +2) [demonic ancestry]
  1515 | D:2      | Reached XP level 3. HP: 26/26 MP: 3/6
  1610 | D:2      | Found a faded altar of an unknown god.
  1794 | D:2      | Learned a level 3 spell: Frozen Ramparts
  1990 | D:2      | Reached skill level 4 in Ice Magic
  1990 | D:2      | Reached XP level 4. HP: 8/32 MP: 3/7
  3099 | D:3      | Noticed Jessica
  3111 | D:3      | Killed Jessica
  3112 | D:3      | Gained mutation: You may rarely emit foul miasma when
                  | damaged in melee. [demonic ancestry]
  3112 | D:3      | Reached XP level 5. HP: 24/38 MP: 1/9
  3579 | D:3      | Learned a level 3 spell: Ozocubu's Armour
  4390 | D:4      | Gained mutation: You have sharp fingernails. [demonic
                  | ancestry]
  4390 | D:4      | Reached XP level 6. HP: 38/44 MP: 3/10
  4454 | D:4      | Noticed Natasha
  4726 | D:4      | Identified the +10 sling of the Valley {venom, rPois rC+}
  4810 | D:4      | Killed Natasha
  5098 | D:4      | Noticed Natasha
  5106 | D:4      | Killed Natasha
  5131 | D:4      | Noticed Natasha
  5137 | D:4      | Killed Natasha
  5586 | D:5      | Entered Level 5 of the Dungeon
  5658 | D:5      | Reached XP level 7. HP: 35/52 MP: 12/12
  5663 | D:5      | Learned a level 4 spell: Hailstorm
  5830 | D:5      | Noticed Sigmund
  5895 | D:5      | Noticed Dowan
  5913 | D:5      | Noticed Duvessa
  5943 | D:5      | Shot with an arrow by a centaur

Illustrated notes

Levels and vault maps discovered:
D:1:      elethiomel_arrival_maze, layout_rooms
D:2:      layout_loops_ring, nicolae_ecumenical_oubliette,
          kennysheep_generic_room_15
D:3:      layout_basic, mainiacjoe_overflow_cross_hatched, uniq_jessica
D:4:      layout_cave_pools, uniq_natasha
D:5:      layout_cave_pools, minmay_temple_entry_statues, uniq_blork_the_orc,
          uniq_duvessa, uniq_sigmund

Skill      XL: |  1  2  3  4  5  6 |
---------------+-------------------+-----
Stealth        | 2 3 |  3.9
Dodging        | 2 3 |  3.5
Fighting       | 1 2 3 |  3.2
Ice Magic      | 4 |  4.8
Spellcasting   | 3 |  3.7

Action                   |  1- 3 |  4- 6 |  7- 9 || total
-------------------------+-------+-------+-------++-------
Melee: Unarmed           |    30 |    18 |       ||    48
       Punch             |       |     1 |       ||     1
       Mace              |       |    17 |     3 ||    20
 Cast: Freeze            |    56 |    80 |    11 ||   147
       Frozen Ramparts   |     1 |     9 |     1 ||    11
       Ozocubu's Armour  |       |       |     1 ||     1
  Use: Scroll            |       |     4 |     1 ||     5
       Potion            |       |     3 |       ||     3
 Stab: Sleeping          |     3 |     8 |       ||    11
Armor: Robe              |     9 |    33 |     5 ||    47
       Skin              |       |     9 |       ||     9
Dodge: Dodged            |    64 |    67 |    24 ||   155
